 Dungeon Crawl Stone Soup version 0.19.1 (webtiles) character file.

1030 Lochraine the Conjurer (level 8, -4/57 HPs)
             Began as a White Draconian Fire Elementalist on Nov 25, 2016.
             Slain by a wight
             ... wielding a +0 mace
              (7 damage)
             ... on level 6 of the Dungeon.
             The game lasted 00:19:46 (6508 turns).

Lochraine the Conjurer (DrFE)                       Turns: 6508, Time: 00:19:46

Health: -4/57      AC:  7    Str: 18    XL:     8   Next: 3%
Magic:  23/23      EV: 11    Int: 16    God:
Gold:   191        SH:  0    Dex: 13    Spells: 3 memorised, 9 levels left

rFire  . . .     SeeInvis .     v - +7 hand axe of Lebilat {freeze, rElec rC- Str+7}
rCold  . . .     Gourm    .     (armour unavailable)
rNeg   . . .     Faith    .     (no shield)
rPois  +         Spirit   .     (helmet restricted)
rElec  +         Reflect  .     (no cloak)
rCorr  .         Harm     .     (no gloves)
MR     .....                    D - +0 pair of boots
Stlth  +.........               (no amulet)
                                i - ring of magical power
                                x - ring of poison resistance

@: short of breath, heavily drained
A: breathe frost, unfitting armour, cold resistance 1, cold-blooded, AC +6
a: Breathe Frost


You were on level 6 of the Dungeon.
You were not hungry.

You visited 1 branch of the dungeon, and saw 6 of its levels.

You collected 191 gold pieces.

Inventory:

Hand Weapons
 c - a +0 dagger
 e - a +0 short sword of venom
 m - a +2 dagger of draining
 n - a +1 mace of crushing
 v - the +7 hand axe of Lebilat (weapon) {freeze, rElec rC- Str+7}
   (You found it on level 4 of the Dungeon)

   It has been specially enchanted to freeze those struck by it, causing extra
   injury to most foes and up to half again as much damage against particularly
   susceptible opponents.
   It can also slow down cold-blooded creatures.
   It affects your strength (+7).
   It makes you vulnerable to cold.
   It insulates you from electricity.
Missiles
 t - 15 javelins (quivered)
Armour
 D - a +0 pair of boots (worn)
Jewellery
 i - a ring of magical power (right hand)
 x - a ring of poison resistance (left hand)
Wands
 d - a wand of flame (24/48)
 z - a wand of flame (18/48)
Scrolls
 h - 3 scrolls of magic mapping
 j - a scroll of remove curse
 l - 3 scrolls of enchant armour
 r - a scroll of blinking
 u - a scroll of recharging {unknown}
 w - a scroll of fear {unknown}
 y - a scroll of amnesia {unknown}
 A - a scroll of teleportation
 E - a scroll of identify {unknown}
Potions
 f - 2 potions of brilliance
 k - 2 potions of agility {unknown}
 o - 2 potions of curing
 p - a potion of cure mutation {unknown}
 q - a potion of berserk rage {unknown}
 B - a potion of invisibility {unknown}
Books
 a - a book of Flames

   Spells                             Type                      Level
   a - Flame Tongue                   Conjuration/Fire             1
   b - Throw Flame                    Conjuration/Fire             2
   c - Conjure Flame                  Conjuration/Fire             3
   d - Inner Flame                    Hexes/Fire                   3
   e - Sticky Flame                   Conjuration/Fire             4
   f - Fireball                       Conjuration/Fire             5
Comestibles
 b - 6 bread rations
 g - a beef jerky
 s - 5 meat rations


   Skills:
 - Level 2.5(1.3) Short Blades
 + Level 2.6(1.4) Axes
 - Level 1.7(0.6) Dodging
 - Level 1.7(0.6) Stealth
 + Level 4.1(2.8) Spellcasting
 * Level 5.6(4.3) Conjurations
 + Level 4.5(3.3) Fire Magic


You had 9 spell levels left.
You knew the following spells:

 Your Spells              Type           Power        Failure   Level  Hunger
a - Flame Tongue          Conj/Fire      ##...        4%          1    #......
b - Throw Flame           Conj/Fire      ##....       8%          2    ##.....
c - Conjure Flame         Conj/Fire      ##......     12%         3    ###....


Dungeon Overview and Level Annotations

Branches:
Dungeon (6/15)
 Temple: D:4-7

Altars:
Nemelex Xobeh

Shops:
D:5 %}*

Annotations:
D:5 Pikel
D:6 XO4YCPATb's ghost, novice OpTm


Innate Abilities, Weirdness & Mutations

You can breathe waves of freezing cold.
You can buffet flying creatures when you breathe cold.
Your icy white scales are hard. (AC +6)
You cannot fit into any form of body armour.
Your flesh is cold resistant. (rC+)
You are cold-blooded and may be slowed by cold attacks.


Message History

You hit the wight but do no damage.
The wight is almost destroyed.
You slash the wight! You closely miss the wight.
You feel yourself speed up.
The wight hits you with a morningstar of freezing!
The wight freezes you.
* * * LOW HITPOINT WARNING * * *
The wight hits you with an enchanted short sword.
* * * LOW HITPOINT WARNING * * *
You feel drained.
* * * LOW HITPOINT WARNING * * *
The wight hits you with a mace.
* * * LOW HITPOINT WARNING * * *
You feel drained. The wight misses you.
The wight hits you with a morningstar of freezing.
* * * LOW HITPOINT WARNING * * *
The wight freezes you.
* * * LOW HITPOINT WARNING * * *
The wight hits you with a mace!
You die...

...######......#........#...
...............#....(...#...
...............#........+...
...............#######..##..
...............# #..##..
...[...........# .......
...............# .......
$........zzz...# .......
...######z.@...### ########
#####)...# #....#.. #....#
+....#.. #....# #....#..
#.[..####....#'#
###......####... #......#
#... #......# #... #......#
#...


You could see 4 wights.

Vanquished Creatures
  An ice beast (D:5)
  4 slaves
  A sky beast (D:6)
  2 centaurs
  A wight (D:6)
  A crimson imp (D:6)
  A hound (D:4)
  A centaur skeleton (D:4)
  An orc wizard (D:5)
  2 bullfrog skeletons
  3 worker ants
  Natasha (twice) (D:2)
  Terence (D:2)
  An iguana (D:5)
  Robin (D:2)
  A howler monkey skeleton (D:5)
  11 adders
  A shadow imp (D:5)
  An ooze (D:4)
  A dart slug (D:2)
  4 worms
  5 leopard geckos
  18 orcs
  A ball python (D:3)
  9 giant cockroaches
  19 goblins
  9 hobgoblins
  4 jackals (D:5)
  8 kobolds
  A quokka (D:2)
  10 bats
  6 frilled lizards
  A giant cockroach zombie (D:5)
  A quokka skeleton (D:6)
  11 rats
145 creatures vanquished.

Notes
Turn   | Place    | Note
-------+----------+-------------------------------------------
     0 | D:1      | Lochraine the Draconian Fire Elementalist began the quest for the Orb.
     0 | D:1      | Reached XP level 1. HP: 14/14 MP: 3/3
   240 | D:1      | Reached XP level 2. HP: 20/20 MP: 1/5
   987 | D:2      | Reached XP level 3. HP: 26/26 MP: 6/6
  1104 | D:2      | Reached skill level 1 in Short Blades
  1248 | D:2      | Noticed Natasha
  1249 | D:2      | Noticed Robin
  1302 | D:2      | Killed Natasha
  1302 | D:2      | Reached XP level 4. HP: 25/33 MP: 5/7
  1357 | D:2      | Noticed Natasha
  1642 | D:2      | Learned a level 2 spell: Throw Flame
  1653 | D:2      | Noticed Terence
  1665 | D:2      | Killed Terence
  1665 | D:2      | Reached skill level 2 in Conjurations
  2005 | D:2      | Killed Robin
  2221 | D:2      | Reached XP level 5. HP: 33/38 MP: 5/9
  2321 | D:2      | Killed Natasha
  2801 | D:3      | Reached skill level 3 in Conjurations
  3123 | D:3      | Learned a level 3 spell: Conjure Flame
  3258 | D:3      | Reached XP level 6. HP: 29/45 MP: 1/10
  4285 | D:4      | Got a crystal hand axe
  4286 | D:4      | Identified the +7 hand axe of Lebilat {freeze, rElec rC- Str+7} (You found it on level 4 of the Dungeon)
  4556 | D:4      | Reached skill level 4 in Conjurations
  4754 | D:4      | Found a sparkling altar of Nemelex Xobeh.
  4760 | D:4      | Reached skill level 1 in Axes
  4858 | D:5      | Entered Level 5 of the Dungeon
  4866 | D:5      | Reached skill level 5 in Fire Magic
  4866 | D:5      | Your scales start taking on an icy white colour.
  4866 | D:5      | Reached XP level 7. HP: 15/50 MP: 12/12
  4866 | D:5      | Gained mutation: Your flesh is cold resistant. (rC+) [White Draconian growth]
  5458 | D:5      | Found Otipn's Assorted Antiques.
  5458 | D:5      | Found Witau's Food Boutique.
  5462 | D:5      | Found Yrosash's Gadget Shop.
  5528 | D:5      | Reached skill level 5 in Conjurations
  5643 | D:5      | Noticed Pikel
  6199 | D:6      | Noticed XO4YCPATb's ghost (novice OpTm)
  6490 | D:6      | Reached XP level 8. HP: 43/57 MP: 14/14
  6508 | D:6      | Slain by a wight

Skill      XL: |  1  2  3  4  5  6  7 |
---------------+----------------------+-----
Short Blades   | 1 2 |  2.5
Fire Magic     | 4 4 |  4.5
Conjurations   | 2 3 4 5 |  5.6
Spellcasting   | 3 4 |  4.1
Axes           | 1 2 |  2.6
Dodging        | |  1.7
Stealth        | |  1.7

Action                   |  1- 3 |  4- 6 |  7- 9 || total
-------------------------+-------+-------+-------++-------
Melee: Unarmed           |    24 |       |       ||    24
       Tailslap          |    10 |    30 |     6 ||    46
       Dagger            |    73 |   197 |       ||   270
       Hand axe          |       |    28 |    70 ||    98
 Cast: Flame Tongue      |    22 |    37 |     2 ||    61
       Throw Flame       |       |    10 |     2 ||    12
 Abil: Breathe Frost     |       |       |     6 ||     6
  Use: Scroll            |       |     8 |     1 ||     9
       Potion            |       |     2 |       ||     2
 Stab: Sleeping          |     5 |     7 |     1 ||    13
  Eat: Chunk             |     2 |    11 |     6 ||    19
       Beef jerky        |       |       |     1 ||     1
Armor: Skin              |    40 |    50 |    25 ||   115
Dodge: Dodged            |    88 |   153 |    35 ||   276
